[Event "Charlotte GM-A May 2022"]
[Site "Charlotte"]
[Date "2022.05.04"]
[Round "1.1"]
[White "Song, Micheal"]
[Black "Korley, Kassa"]
[Result "*"]
[ECO "D02"]
[WhiteElo "2408"]
[BlackElo "2413"]
[Annotator "TA"]
[PlyCount "72"]
[EventDate "2022.05.04"]
[EventType "tourn"]
[EventCountry "USA"]
[SourceTitle "playchess.com"]
[Source "ChessBase"]
[SourceQuality "1"]
[TimeControl "5400+30"]

1. d4 d5 2. Nf3 Nf6 3. Bf4 e6 4. e3 Bd6 5. Ne5 O-O 6. Nd2 b6 {[%emt 0:00:38] D02: 1 d4 d5 2 Nf3 sidelines, including 2...Nf6 3 g3 and 2...Nf6 3 Bf4.} 7. h4 {[%emt 0:00:12][%cal Bh2h4,Bh4h5,Bh5h6][%mdl 32] is now more promising than 7.Bd3.} Nfd7 {[%emt 0:01:01] [#]} 8. h5 $146 ({Predecessor:} 8. Bd3 f5 9. Ndf3 Nxe5 10. dxe5 Be7 11. g4 Ba6 12. gxf5 Bxd3 13. Qxd3 Rxf5 14. Nd4 {1-0 (33) Demchenko,A (2641)-Weetik,V (2423) Chess.com INT 2020}) 8... Nxe5 {[%emt 0:01:14] The position is equal.} 9. dxe5 Be7 10. h6 {[%emt 0:00:49] [#] Black must now prevent hxg7.} (10. Qg4 $5 ) 10... g6 11. c3 Ba6 12. Bxa6 Nxa6 13. O-O Nc5 14. Qc2 Qe8 15. a4 a5 16. Nf3 {[%emt 0:00:12] Inhibits g5.} c6 17. Nd4 Na6 18. e4 Nc5 19. exd5 exd5 20. Rad1 Ne6 21. Be3 Bc5 22. Nxe6 (22. f4 $142) 22... fxe6 $11 23. Qe2 Qe7 (23... Rf5 $5 ) 24. Bd4 Rf5 25. g3 {[%emt 0:00:17] Inhibits Qh4.} Qg5 ({Better is} 25... Qf8 $17 26. Qe3 Rh5) 26. Qe3 $1 $15 Qxe3 27. fxe3 Raf8 28. Rxf5 gxf5 $11 {[%emt 0:03:03][%mdl 4096] Endgame KRB-KRB} 29. b4 axb4 30. cxb4 Bxb4 {[%emt 0:00:21] [#] Hoping for ...c5.} 31. Bxb6 c5 32. Kf2 Ra8 (32... Kf7 $1 $15) 33. a5 (33. g4 $5) 33... Kf7 (33... Bxa5 $2 34. Ra1 $18) 34. g4 fxg4 {[%emt 0:01:50] And now ...Kg6 would win.} 35. Rg1 Kg6 ({Don't play} 35... c4 36. Rxg4 Bf8 37. Rf4+ Ke8 38. Ke2 $11) 36. Rxg4+ Kxh6 {[%emt 0:01:19] Weighted Error Value: White=0.16 (very precise) /Black=0.15 (very precise)} *

[Event "Charlotte GM-A May 2022"]
[Site "Charlotte"]
[Date "2022.05.05"]
[Round "1.2"]
[White "Stremavicius, Titas"]
[Black "Spicha, K. Alexander"]
[Result "1-0"]
[ECO "D31"]
[WhiteElo "2508"]
[BlackElo "2083"]
[Annotator "TA"]
[PlyCount "69"]
[EventDate "2022.05.04"]
[EventType "tourn"]
[EventCountry "USA"]
[SourceTitle "playchess.com"]
[Source "ChessBase"]
[SourceQuality "1"]
[TimeControl "5400+30"]

1. d4 d5 2. c4 e6 3. Nc3 c6 4. e4 dxe4 5. Nxe4 Bb4+ 6. Bd2 Qxd4 7. Bxb4 Qxe4+ 8. Be2 Na6 9. Ba5 b6 {[%emt 0:00:42] D31: Queen's Gambit Declined: Semi-Slav without ...Nf6 (+ Marshall Gambit and Noteboom) and Exchange Variation lines without ...Nf6.} 10. Qd6 $1 {[%emt 0:00:06][%cal Oe1c1] Strongly threatening 0-0-0!} Bd7 (10... Ne7 $2 {[#]} 11. O-O-O $1 O-O 12. Qxe7 $18) 11. Bc3 f6 {[%emt 0:00:34] The position is equal.} 12. Nf3 $40 {[%emt 0:00:25][%cal Of3g5][%mdl 128] And now Ng5! would win. White has some attack.} Nh6 13. Nd2 Qf5 {[%emt 0:29:56] [#]} (13... Qxg2 $2 14. Bh5+ (14. Bf3 Qh3 $15) 14... g6 15. Bf3 $18) 14. Qa3 $146 ({Predecessor:} 14. O-O-O O-O-O 15. Qa3 Kb7 16. b4 Be8 17. Bf3 Bg6 18. Be4 Qf4 19. Bxc6+ Kxc6 20. Qxa6 {1-0 (41) Aditya,M (2438)-Prilleltensky,M (2131) Paracin 2021}) 14... Nc5 15. Bd4 O-O 16. Bxc5 bxc5 17. O-O e5 (17... Qe5 $5 18. Rfe1 Qc7 $14) 18. Nb3 Rae8 {[%emt 0:14:17] White leaves nothing to chance now.} (18... Qg6 $14) 19. Qxa7 e4 20. Rad1 Bc8 21. Qxc5 ({Resist} 21. Nxc5 $6 Qg5 $14) 21... Re5 22. Qxc6 Qg6 23. Kh1 Rg5 (23... e3 $16) 24. Nc5 $18 Bf5 25. Ne6 Rxg2 $2 (25... Bxe6 26. Qxe6+ Kh8) 26. Nf4 {[%emt 0:00:44] Active counter play!} (26. Nxf8 $142 Rxh2+ 27. Kxh2 Ng4+ 28. Kg3 Ne5+ 29. Nxg6 Nxc6 30. Nf4) 26... Rxh2+ 27. Kxh2 Qg5 {[%emt 0:00:36] ...Ng4+ is the strong threat.} 28. Qd5+ Kh8 29. Ng2 Ng8 30. Qd6 Qh6+ 31. Kg1 Bh3 32. Qh2 (32. Qxf8 {is a self mate.} Qg5) 32... f5 33. Nf4 Rf6 34. Nxh3 f4 {[%emt 0:00:26] [#]} 35. Nxf4 $1 {[%emt 0:01:57] Weighted Error Value: White=0.24 (precise) /Black=0.34} 1-0

[Event "Charlotte GM-A May 2022"]
[Site "Charlotte"]
[Date "2022.05.05"]
[Round "1.3"]
[White "Williams, Justus"]
[Black "Mardov, Dimitar"]
[Result "0-1"]
[ECO "A13"]
[WhiteElo "2417"]
[BlackElo "2402"]
[Annotator "TA"]
[PlyCount "90"]
[EventDate "2022.05.04"]
[EventType "tourn"]
[EventCountry "USA"]
[SourceTitle "playchess.com"]
[Source "ChessBase"]
[SourceQuality "1"]
[TimeControl "5400+30"]

1. Nf3 d5 2. e3 Nf6 3. c4 e6 4. Nc3 Be7 5. b3 O-O 6. Bb2 b6 7. cxd5 {[%emt 0:00:25] A13: English Opening: 1...e6.} exd5 8. d4 Bb7 (8... Re8 {feels hotter.} 9. Ne5 Bb4 10. Be2 Ne4) 9. g3 {[%emt 0:02:15] White has an edge.} Re8 10. Bg2 Ba6 11. a3 {[%emt 0:01:08] [#]} c6 $146 ({Predecessor:} 11... Nc6 12. b4 Bb7 13. O-O a6 14. Qb3 Bf8 15. Rac1 Qd6 16. Rc2 a5 17. Ne5 Nxe5 18. dxe5 Qxe5 {1-0 (56) Harutyunian,T (2539)-Rios,C (2520) Barbera del Valles 2019}) 12. Ne5 Bd6 13. f4 Ne4 $2 (13... Qc8 $11) 14. Nxe4 $18 dxe4 15. Bxe4 Qe7 16. b4 (16. Qh5 $6 g6 17. Qf3 f6 $16) 16... Bb5 17. Kf2 (17. Qh5 $6 g6 18. Qd1 a5 $16) 17... Nd7 18. Qb3 Rac8 19. Rac1 Bxe5 20. fxe5 Nb8 (20... Qe6 $142 21. Qc2 Qh6) 21. Qc2 h6 22. Bf5 Rcd8 23. Rhd1 Ba6 24. Qb3 Bb7 (24... Qg5 $142) 25. Kg1 Bc8 26. Bb1 Qg5 27. Rf1 {[%emt 0:02:31] Prevents Bf5.} Be6 28. Qd3 g6 29. Rf4 Nd7 30. Qc3 (30. Rxc6 {[#]} Nxe5 $1 31. dxe5 Rxd3 32. Bxd3 Qh5 $15) 30... Rc8 31. Rcf1 h5 32. Bc2 Nf8 (32... Qe7 $142 33. a4 Rf8) 33. Bb3 Re7 34. e4 {[%emt 0:00:29][%cal Be3e4,Be4d5][%mdl 32] [#] Strongly threatening Bc1.} Bxb3 35. Qxb3 Ne6 36. Rf6 {[%emt 0:03:59] Black must now prevent d5.} ({Don't blunder} 36. Rxf7 $2 Rxf7 37. Qxe6 Qe3+ 38. Kh1 Qxe4+ 39. Kg1 Qe3+ 40. Kh1 Qe4+ 41. Kg1 Rcc7 $19) 36... Qg4 37. d5 cxd5 38. exd5 Ng5 {[%emt 0:01:03] Hoping for ...Qe4.} 39. e6 $2 (39. Re1 $18) 39... Qe4 $17 40. h4 $2 ({But not} 40. exf7+ $2 Rxf7 41. g4 Rc2 $19) (40. g4 $17 Rc2 41. R6f2 Qxg4+ 42. Kh1 Rxf2 43. Rxf2) 40... Nh3+ $19 {[%emt 0:00:38] Black is clearly winning.} 41. Kh2 Rc2+ 42. Qxc2 Qxc2+ 43. Kxh3 Qxb2 44. d6 Rxe6 45. d7 Qd4 {[%emt 0:00:32] Weighted Error Value: White=0.51/Black=0.26 (precise)} ({Weaker is} 45... Rxf6 46. d8=Q+ Kg7 47. Rxf6 Qxf6 48. Qd3 $17) 0-1

[Event "Charlotte GM-A May 2022"]
[Site "Charlotte"]
[Date "2022.05.05"]
[Round "1.4"]
[White "Sheng, Joshua"]
[Black "Belous, Vladimir"]
[Result "1-0"]
[ECO "B36"]
[WhiteElo "2487"]
[BlackElo "2525"]
[Annotator "TA"]
[PlyCount "69"]
[EventDate "2022.05.04"]
[EventType "tourn"]
[EventCountry "USA"]
[SourceTitle "playchess.com"]
[Source "ChessBase"]
[SourceQuality "1"]
[TimeControl "5400+30"]

1. e4 c5 2. Nf3 Nc6 3. d4 cxd4 4. Nxd4 g6 5. c4 Nf6 6. Nc3 d6 7. Be2 Nxd4 8. Qxd4 Bg7 9. O-O O-O 10. Qd3 Be6 11. Be3 Nd7 {[%emt 0:03:11] B36: Sicilian: Maroczy Bind: Gurgenidze System.} 12. b3 Nc5 13. Qc2 Qa5 {[%emt 0:00:59] White has an edge.} 14. Bd2 {[%emt 0:00:41] [#]} f5 $146 ({Predecessor:} 14... Qd8 15. Rad1 Re8 16. h4 Bd7 17. h5 a5 18. h6 Bxc3 19. Bxc3 Qc7 20. Bd2 Bc6 {1-0 (68) Lemke,B (2220)-Broadway,D (2201) ICCF email 2019}) 15. Rad1 Qc7 16. exf5 Bxf5 17. Qc1 Qa5 18. b4 Qxb4 19. Nd5 $1 {[%emt 0:00:03][%csl LRb4,LRe7][%mdl 64] Discovered Attack, Double Attack} Qa4 ({Black should try} 19... Qb2 $1 $14) 20. Nxe7+ $16 Kh8 21. Bc3 Rf7 (21... Qxa2 $2 22. Rd2 Qa4 23. Bxg7+ Kxg7 24. Qb2+ Kh6 25. Rxd6 $18) (21... Qd7 $16 22. Nxf5 (22. Bxg7+ Kxg7 23. Qc3+ Kf7 $16) 22... Qxf5) 22. Nxf5 $18 gxf5 23. Bh5 $36 {[%emt 0:02:25][%mdl 2048] White has strong initiative. A strong pair of Bishops.} ({Resist} 23. Rxd6 Ne4 24. Bxg7+ Rxg7 $16) 23... Rd7 24. Bxg7+ Rxg7 25. Rxd6 Ne4 26. Rd5 Rag8 (26... Rf8 {keeps fighting.} 27. Qf4 Qc6) 27. Qa1 (27. g3 $1 $18) 27... Qxc4 $16 28. Rxf5 {[%emt 0:01:33] Black must now prevent Rc1.} Nc3 29. Rf3 Ne2+ (29... Rxg2+ $2 30. Kh1 Qd4 31. Qxc3 $18) 30. Kh1 {[%emt 0:00:02] And now Rd1 would win.} Nf4 {[%emt 0:00:04] [#]} (30... Qd4 $16) 31. Rc1 $1 $18 Qd5 {[%emt 0:00:07] [#]} 32. Bg4 ({Only move:} 32. Rd1 $1 $18 Qxh5 33. Rxf4) 32... Nxg2 $2 33. Rf5 {[%emt 0:01:21] White is clearly winning.} ({Less strong is} 33. Kxg2 h5 34. Rd1 Qc6 $14) 33... Qe4 34. f3 Qe2 35. Rg5 $1 {[%emt 0:00:11] Weighted Error Value: White=0.12 (very precise) /Black=0.62} 1-0

[Event "Charlotte GM-A May 2022"]
[Site "Charlotte"]
[Date "2022.05.05"]
[Round "1.5"]
[White "Liang, Jason"]
[Black "Ostrovskiy, Aleksandr"]
[Result "1/2-1/2"]
[ECO "B01"]
[WhiteElo "2432"]
[BlackElo "2397"]
[Annotator "TA"]
[PlyCount "111"]
[EventDate "2022.05.04"]
[EventType "tourn"]
[EventCountry "USA"]
[SourceTitle "playchess.com"]
[Source "ChessBase"]
[SourceQuality "1"]
[TimeControl "5400+30"]

1. e4 d5 2. exd5 Qxd5 3. Nc3 Qa5 4. d4 Nf6 5. Nf3 Bf5 6. Ne5 c6 7. Bc4 e6 8. g4 Bg6 9. h4 Nbd7 10. Nxd7 Nxd7 11. h5 $1 {[%emt 0:03:20] B01: Scandinavian Defence.} Be4 12. O-O Bd5 13. Nxd5 {[%emt 0:05:04] White is slightly better.} cxd5 {[%emt 0:01:30] [#]} 14. Bb3 $146 ({Predecessor:} 14. Bd3 Bd6 15. Qf3 O-O-O 16. Be3 g6 17. h6 Rhf8 18. a3 f5 19. c4 e5 20. b4 {1-0 (35) Firouzja,A (2759)-Carlsen,M (2847) chess24.com INT 2021}) 14... Bd6 15. Qf3 O-O 16. Bg5 h6 17. Bh4 Rae8 18. Rae1 Bb8 (18... Be7 $11 {remains equal.} 19. Bxe7 Rxe7) 19. Kg2 b5 20. c3 {[%emt 0:00:00] And now Qd3 would win.} Qc7 $1 21. Rh1 {[%emt 0:01:00] Prevents Qh2+. Active counter play!} Qf4 22. a4 b4 23. Qxf4 Bxf4 24. c4 dxc4 25. Bxc4 {[%emt 0:02:00] Bb5 is the strong threat.} Nf6 (25... Rc8 $11 {keeps the balance.} 26. Ba6 Rc2) 26. Kf3 $1 $16 Bc7 27. g5 Nh7 28. gxh6 gxh6 29. Bb5 {[%emt 0:00:00] This bishop pair is nice.} Rb8 30. Be7 Rfc8 31. Bd7 (31. Rd1 $16) 31... Rd8 $1 $14 32. Bxd8 Rxd8 33. Bc6 Rxd4 34. Rd1 {[%emt 0:00:00] Prevents Rd2.} Rc4 ({Black should try} 34... Rf4+ $11 35. Kg2 Bb6) 35. Rc1 $36 {[%emt 0:00:00][%mdl 2048] White is really pushing.} Rf4+ 36. Ke2 Be5 37. Rc2 (37. Ke3 $16) 37... Nf6 38. Bf3 b3 39. Rc8+ Kh7 40. Rg1 Bxb2 (40... Ne4 $1 $11) 41. Rc7 $16 Nd5 42. Bxd5 exd5 43. Rxa7 {[%emt 0:00:27][%mdl 4096] Endgame Black must now prevent a5. KRR-KRB} Bd4 {[%emt 0:00:22] [#]} (43... Be5 $16 {keeps fighting.}) 44. Rb7 $1 $18 {[%emt 0:00:07] Threatens to win with a5.} Rxf2+ 45. Kd3 Rf4 (45... Bc5 46. Rg4 Rf3+ 47. Kd2 d4) 46. Rb1 $2 (46. Rb4 Be3 47. Rxf4 Bxf4 48. Rf1) 46... Bg7 47. a5 (47. R7xb3 $6 Rd4+ 48. Ke2 Rxa4 $16) 47... Rd4+ 48. Ke2 Re4+ 49. Kf3 b2 50. Rxf7 Kg8 {[%emt 0:01:03] [#]} 51. Rb7 (51. Rf4 $1 $18 Re7 52. Rb4) 51... Ra4 $14 52. Rg1 Kf8 53. Rb8+ (53. Rbxg7 b1=Q 54. Rg8+ (54. Rxb1 Kxg7 55. Rb5 Ra3+ 56. Ke2 d4 $16) 54... Kf7 55. R8g7+ (55. Rxb1 Kxg8 56. Rb8+ Kf7 $16) 55... Kf8 56. Rg8+ (56. Rxb1 Kxg7 57. Rb5 d4 $11) 56... Kf7 57. R8g7+ (57. Rxb1 Kxg8 58. Rb5 Ra3+ 59. Kf4 d4 $14) 57... Kf6 58. R7g6+ (58. Rxb1 Kxg7 59. Rb5 Ra3+ 60. Ke2 d4 $11) 58... Qxg6 59. Rxg6+ Ke5 $11) 53... Kf7 54. Rb7+ (54. Rg6 $5 Rxa5 55. Rb7+ Kf8 56. Rd6 $16) 54... Kf8 55. Rbxg7 b1=Q {[%emt 0:00:00] Prevents Rb7.} 56. Rg8+ {[%emt 0:00:08] Weighted Error Value: White=0.34/Black=0.24 (precise)} 1/2-1/2

[Event "Charlotte GM-A May 2022"]
[Site "Charlotte"]
[Date "2022.05.05"]
[Round "2.1"]
[White "Korley, Kassa"]
[Black "Ostrovskiy, Aleksandr"]
[Result "1/2-1/2"]
[ECO "D78"]
[WhiteElo "2413"]
[BlackElo "2397"]
[Annotator "TA"]
[PlyCount "40"]
[EventDate "2022.05.04"]
[EventType "tourn"]
[EventCountry "USA"]
[SourceTitle "playchess.com"]
[Source "ChessBase"]
[SourceQuality "1"]
[TimeControl "5400+30"]

1. Nf3 d5 2. g3 g6 3. Bg2 Bg7 4. d4 c6 5. O-O Nf6 6. b3 O-O 7. Bb2 a5 8. c4 Bf5 9. Nc3 Ne4 {[%emt 0:06:32] The position is equal.} 10. Nh4 {[%emt 0:12:10] D78: Fianchetto Grünfeld: 6 0-0 c6.} Nxc3 11. Bxc3 Be6 12. Qd3 Nd7 13. Rac1 a4 14. cxd5 cxd5 {[%emt 0:00:00] [#]} 15. Qb5 $146 ({Predecessor:} 15. b4 Nf6 16. b5 Qd7 17. Bb4 Rfc8 18. b6 Rc4 19. Bc5 Rc8 20. Qa3 Rxc1 21. Rxc1 {1-0 (30) Mahdian,A (2212)-Abdul Rasheed,M (1180) Waskaduwa 2021}) 15... axb3 16. axb3 Nf6 17. e3 Bd7 18. Qxb7 Rb8 19. Qa7 Rxb3 20. Qa2 Rb5 {[%emt 0:00:00] An uneventful encounter.  Weighted Error Value: White=0.02 (flawless) /Black=0.00 (flawless)} 1/2-1/2

[Event "Charlotte GM-A May 2022"]
[Site "Charlotte"]
[Date "2022.05.05"]
[Round "2.2"]
[White "Belous, Vladimir"]
[Black "Liang, Jason"]
[Result "1/2-1/2"]
[ECO "A13"]
[WhiteElo "2525"]
[BlackElo "2432"]
[Annotator "TA"]
[PlyCount "84"]
[EventDate "2022.05.04"]
[EventType "tourn"]
[EventCountry "USA"]
[SourceTitle "playchess.com"]
[Source "ChessBase"]
[SourceQuality "1"]
[TimeControl "5400+30"]

1. c4 e6 2. Nf3 d5 3. e3 Nf6 4. b3 b6 5. Bb2 Bb7 6. Nc3 {[%emt 0:00:07] A13: English Opening: 1...e6.} Nbd7 7. cxd5 exd5 8. Be2 a6 9. Qc2 Bd6 {[%emt 0:01:34] [#]} 10. O-O-O $146 (10. Rc1 $11 {is more appropriate.}) ({Predecessor:} 10. Qf5 Qe7 11. O-O g6 12. Qh3 h5 13. Rfe1 h4 14. e4 dxe4 15. Nxe4 Bxe4 16. Bd3 Bxd3 17. Rxe7+ Bxe7 {1-0 (78) Duda,J (2743)-So,W (2770) chess24.com INT 2021}) 10... c5 $15 11. g4 Rc8 12. g5 Ne4 13. Rhg1 b5 14. Nh4 {[%emt 0:04:38] Hoping for Nf5.} Be5 (14... Nxf2 15. Rdf1 $18) 15. Nf5 O-O (15... Bxh2 $2 16. Nxe4 dxe4 17. Rg4 $18 (17. Nxg7+ Kf8 $16) (17. Bxg7 Rg8 $16)) (15... Nxg5 $2 16. f4 g6 17. fxe5 (17. fxg5 gxf5 18. Qxf5 Qe7 $14) 17... gxf5 18. Qxf5 $18) 16. f3 (16. f4 $11 Bxc3 17. dxc3 (17. Bxc3 d4 $11)) 16... Nxc3 (16... Nxg5 $2 17. f4 d4 18. Rxg5 $18 (18. fxe5 Nxe5 19. Kb1 d3 $14)) (16... Nd6 $1 $17 {And now ...Nxf5 would win.} 17. f4 Nxf5 18. Qxf5 Bxc3 19. dxc3 c4) 17. dxc3 $14 {[%emt 0:00:04] Strongly threatening f4.} c4 18. bxc4 bxc4 19. f4 Bb8 20. Ba3 {[%emt 0:02:50] aiming for Ne7+.} Re8 {[%emt 0:00:00][%cal Bf8e8,Be8e3,Be3d3][%mdl 32] Prevents Ne7+.} 21. Bf3 (21. Rg3 $5 ) 21... g6 {[%emt 0:00:00] [#]} (21... Qa5 $11 22. Kb2 (22. Bb4 Qb6 $14) 22... Nc5) 22. Bxd5 $1 $16 {[%emt 0:04:04] White is much more active.} Bxd5 23. Nh6+ Kg7 24. Rxd5 Rxe3 25. Kb1 $2 (25. Rf1 $1 $14 {keeps the upper hand.} Qc7 26. f5) 25... Rd3 $1 $17 {[%emt 0:00:00] ...Qb6+ is the strong threat.} 26. Rd1 Bxf4 (26... Rxd5 $1 $17 27. Rxd5 Bxf4) 27. Nxf7 {[%emt 0:11:24] Dancing on a razor blade.} Kxf7 28. R1xd3 (28. R5xd3 $11 {and White is okay.} cxd3 29. Qxd3) 28... cxd3 $19 29. Qxd3 Qb6+ 30. Bb4 $2 (30. Kc2 {was the only chance.} Qf2+ 31. Kd1 Qg1+ 32. Kc2 Qxh2+ 33. Kd1 Qh1+ 34. Kc2 Qh2+ 35. Kd1) 30... Qg1+ $2 (30... Nf8 $1 $19 {has better winning chances. Threatens to win with ...Ne6.} 31. Ra5 Qb7 32. Rxa6 Ne6) 31. Kc2 $2 (31. Kb2 $17 Nf8 32. Rd7+ Kg8 33. Qd5+ Kh8 34. Rf7) 31... Nf8 $1 (31... Qxh2+ 32. Kb3 Nf8 33. Rd7+ $1 Kg8 34. Qd5+ Kh8 35. Rd8 $18) 32. Rd7+ Kg8 33. Qd5+ Kh8 34. Rf7 $2 (34. Qd4+ $19 Qxd4 35. Rxd4 Bxh2 36. Rh4) 34... Qc1+ ({Black should try} 34... Qxh2+ $17 35. Kb3 {[#]} Qd2 $1 36. Qxd2 Bxd2 37. Bxf8 Kg8) 35. Kb3 $11 {[%emt 0:00:03] The position is equal.} Qb1+ (35... Ne6 $5 36. Rxh7+ (36. Qxe6 $2 Qd1+ 37. Kb2 Bc1+ 38. Kb1 Ba3#) 36... Kxh7 37. Qd7+ Ng7 38. Qh3+ Nh5 39. Qd7+ Kh8 40. Qxc8+ Kh7 41. Qd7+ Ng7 42. Qh3+ Kg8 43. Qc8+ Kh7 44. Qh3+ Nh5 45. Qd7+ Kh8 46. Qe8+ Kh7 47. Qd7+ $11) 36. Ka3 {[%emt 0:03:38] Intending Qd4+ and mate.} Qc1+ 37. Kb3 {[%emt 0:02:32] Threatening mate with Qd4+.} Ne6 {[%emt 0:00:00] Inhibits Qd4+.} 38. Rxh7+ {[%emt 0:01:31][%mdl 64] Decoy} Kxh7 39. Qd7+ Ng7 40. Qh3+ Nh5 41. Qd7+ Ng7 {[%emt 0:00:00] ( -> ...Qb1+)} 42. Qh3+ Nh5 {[%emt 0:00:00] And White is the lucky defender.  Weighted Error Value: White=0.44/Black=0.27 (precise)} 1/2-1/2

[Event "Charlotte GM-A May 2022"]
[Site "Charlotte"]
[Date "2022.05.05"]
[Round "2.3"]
[White "Mardov, Dimitar"]
[Black "Sheng, Joshua"]
[Result "1/2-1/2"]
[ECO "D27"]
[WhiteElo "2402"]
[BlackElo "2487"]
[Annotator "TA"]
[PlyCount "34"]
[EventDate "2022.05.04"]
[EventType "tourn"]
[EventCountry "USA"]
[SourceTitle "playchess.com"]
[Source "ChessBase"]
[SourceQuality "1"]
[TimeControl "5400+30"]

1. d4 d5 2. c4 dxc4 3. Nf3 Nf6 4. e3 e6 5. Bxc4 a6 6. a4 c5 7. Nc3 Nc6 8. O-O Be7 9. Ne5 cxd4 10. Nxc6 bxc6 11. exd4 O-O {[%emt 0:00:00] D27: Queen's Gambit Accepted: Classical main line: 7 e4!? and 7 a4.} 12. b3 a5 13. Be3 {[%emt 0:03:58] [#]} Nd5 $146 ({Predecessor:} 13... Ba6 14. Qf3 Qb8 15. Rfc1 Rc8 16. h3 Bb7 17. Rd1 c5 18. Qe2 cxd4 19. Bxd4 Bc6 {1-0 (36) Mamedyarov,S (2752)-Nielsen,P (2626) Heraklion 2007}) 14. Rc1 Ba6 15. Ne4 Qb6 16. Qf3 Qb4 ({Black should try} 16... Bxc4 $11 17. bxc4 Nxe3 18. fxe3 Qb3) 17. Bd2 $14 Qb6 {[%emt 0:00:00] Weighted Error Value: White=0.09 (flawless) /Black=0.23 (precise)} 1/2-1/2

[Event "Charlotte GM-A May 2022"]
[Site "Charlotte"]
[Date "2022.05.05"]
[Round "2.4"]
[White "Spicha, K. Alexander"]
[Black "Williams, Justus"]
[Result "1-0"]
[ECO "A48"]
[WhiteElo "2083"]
[BlackElo "2417"]
[Annotator "TA"]
[PlyCount "103"]
[EventDate "2022.05.04"]
[EventType "tourn"]
[EventCountry "USA"]
[SourceTitle "playchess.com"]
[Source "ChessBase"]
[SourceQuality "1"]
[TimeControl "5400+30"]

1. d4 Nf6 2. Nf3 b6 3. Bf4 Bb7 4. e3 d6 5. h3 g6 6. Nbd2 Bg7 7. Bd3 O-O 8. O-O c5 9. Qe2 {[%emt 0:01:13] A48: 1 d4 Nf6 2 Nf3 g6: Torre, London and Colle Systems.} Nc6 10. c3 Re8 11. Rfd1 {[%emt 0:06:27] The position is equal.} cxd4 12. cxd4 Nd5 13. Bg3 {[%emt 0:01:46] [#]} a6 $146 ({Predecessor:} 13... Ndb4 14. Bc4 d5 15. Bb5 a6 16. Ba4 b5 17. Bb3 Na5 18. a3 Nbc6 19. Bc2 Qb6 {0-1 (39) Parant,F (2030)-Lane,G (2430) Avoine 1993}) 14. a3 b5 15. Rac1 Qd7 16. e4 Nb6 17. Nb3 Bh6 18. Rc2 Rec8 19. d5 Nd8 20. Na5 Na4 21. Nxb7 Nxb7 22. Rxc8+ Rxc8 23. e5 Nbc5 24. Bb1 Nb3 25. e6 Qe8 26. exf7+ Qxf7 27. Bh4 Nc1 $1 28. Qxe7 (28. Qf1 $11) 28... Qxe7 $15 29. Bxe7 Nxb2 30. Re1 Nc4 31. Be4 ({Only move:} 31. Re6 $1 $15) 31... Re8 $17 32. Bg5 Bxg5 33. Nxg5 {[%emt 0:00:02] [#]} Nd3 34. Ra1 Nc5 {[%emt 0:00:29] Pair of Knights!} 35. f3 Kg7 36. a4 b4 ({Not} 36... bxa4 37. Ne6+ Nxe6 38. dxe6 $17) 37. Ne6+ Nxe6 38. dxe6 $19 {[%emt 0:00:02][%mdl 4096] Endgame [#] KRB-KRN} a5 (38... Rxe6 $2 39. Bd5 Re5 40. Bxc4 $18) (38... Kf6 $1 $17 {Strongly threatening ...a5.} 39. Rc1 Nd2) 39. Rc1 $11 Nb6 40. Rc7+ (40. Rc6 $1 $11 Rb8 41. Bc2) 40... Kf6 $15 {[%emt 0:00:11] Threatens to win with ...Re7.} 41. Ra7 (41. Rb7 $17 d5 42. Rxb6 dxe4 43. f4) 41... Nxa4 $2 ({Better is} 41... d5 $19 42. Bc2 Nc4 43. Rf7+ Kxe6 44. Rxh7 Kf6) 42. Bc6 $11 Re7 43. Rxe7 Kxe7 44. Bxa4 Kxe6 {[%emt 0:00:04] KB-KP} 45. f4 {[%emt 0:00:24] Kf2 is the strong threat.} Kd5 46. Kf2 Kc4 47. g4 b3 48. f5 gxf5 (48... b2 $5 49. Bc2 gxf5 50. gxf5 a4 $11) 49. gxf5 {[%emt 0:00:03] White threatens f6 and mate.} b2 50. Bc2 {[%emt 0:00:04] f6 would kill now.} Kd5 $2 (50... a4 $11) 51. Ke3 a4 52. Kd3 {[%emt 0:00:05] Never resign too early!  Weighted Error Value: White=0.15 (very precise) /Black=0.36} 1-0

[Event "Charlotte GM-A May 2022"]
[Site "Charlotte"]
[Date "2022.05.05"]
[Round "2.5"]
[White "Song, Micheal"]
[Black "Stremavicius, Titas"]
[Result "1/2-1/2"]
[ECO "D36"]
[WhiteElo "2408"]
[BlackElo "2508"]
[Annotator "TA"]
[PlyCount "109"]
[EventDate "2022.05.04"]
[EventType "tourn"]
[EventCountry "USA"]
[SourceTitle "playchess.com"]
[Source "ChessBase"]
[SourceQuality "1"]
[TimeControl "5400+30"]

1. d4 d5 2. c4 e6 3. Nc3 Nf6 4. cxd5 exd5 5. Bg5 c6 6. e3 Nbd7 7. Bd3 Be7 8. Qc2 h6 9. Bh4 Nh5 {[%emt 0:00:17] Nowadays more popular than 9...0-0.} 10. Bxe7 {[%emt 0:00:15] D36: Queen's Gambit Declined: Exchange Variation: Main line (5 Bg5 c6 6 Qc2).} Qxe7 11. O-O-O Nb6 12. Kb1 {[%emt 0:00:53] White has an edge.} g6 {[%emt 0:00:00] [#]} 13. Nf3 $146 ({Predecessor:} 13. h3 Be6 14. Nf3 Ng7 15. g4 O-O-O 16. a4 Kb8 17. a5 Nd7 18. a6 b6 19. e4 {1-0 (37) Michalik,P (2546)-Kraemer,E (2149) Germany 2017}) 13... Ng7 14. Ne5 Nd7 15. Nxd7 {White is much more active. The black rooks are badly placed.} Bxd7 16. e4 (16. Rhe1 $5 ) 16... dxe4 $1 17. Bxe4 {aiming for Rhe1.} O-O 18. d5 Rad8 19. Ka1 Qf6 (19... Bf5 $11) 20. Bf3 (20. f3 $16) 20... Nf5 $11 21. Ne4 Qg7 22. Nc5 Bc8 23. dxc6 bxc6 24. Qc3 Nd4 25. Be4 Rfe8 26. Rhe1 Bf5 27. Bxf5 Nxf5 28. Rxd8 Rxd8 29. Ne4 Qxc3 30. Nxc3 {[%emt 0:00:00][%mdl 4096] Endgame KRN-KRN} Kf8 31. g3 {[%emt 0:00:00] Against Nh4} Nd4 {[%emt 0:00:00] [#] Threatens to win with ...Nc2+.} 32. Rd1 Nc2+ 33. Kb1 Rxd1+ 34. Nxd1 {[%emt 0:00:00] KN-KN} Nd4 35. h4 f5 36. Ne3 Ke7 37. Kc1 f4 38. gxf4 Ne2+ 39. Kd2 Nxf4 40. Ng4 h5 41. Ne5 Kd6 42. Nf3 {[%emt 0:00:24] The position is equal.} Kd5 43. Ke3 Ng2+ 44. Kd3 a6 45. b3 Kc5 46. Ke4 Kb4 47. Ke5 Ka3 48. Kf6 Kxa2 49. Kxg6 Kxb3 50. Nd4+ Kc4 51. Nxc6 Kc5 52. Na5 Nxh4+ 53. Kxh5 Nf3 54. Kg4 Nd2 {[%emt 0:03:15] [#] ( -> ...Kb6)} 55. Kf4 {[%emt 0:00:00] Weighted Error Value: White=0.04 (flawless) /Black=0.03 (flawless)} 1/2-1/2